 Dungeon Crawl Stone Soup version 0.27-a0-668-gb5737ff2c0 (webtiles) character file.

Game seed: 12093392999006549615

41 robertstho the Chiller (level 3, 0/28 HPs)
             Began as a Naga Ice Elementalist on Mar 17, 2021.
             Slain by an ooze (1 damage)
             ... on level 2 of the Dungeon.
             The game lasted 00:02:17 (1978 turns).

robertstho the Chiller (Naga Ice Elementalist)      Turns: 1978, Time: 00:02:18

Health: 0/28       AC:  2    Str: 10    XL:     3   Next: 52%
Magic:  2/6        EV:  9    Int: 16    God:
Gold:   79         SH:  0    Dex: 11    Spells: 2/6 levels left

rFire    . . .     SeeInvis +   d - +0 flail
rCold    . . .     Faith    .   (no shield)
rNeg     . . .     Spirit   .   a - +0 robe
rPois    +         Reflect  .   (no helmet)
rElec    .         Harm     .   (no cloak)
rCorr    .         Rampage  .   (no gloves)
Will     .....                  (no barding)
Stlth    ++........             (no amulet)
HPRegen  0.09/turn              (no ring)
MPRegen  0.10/turn              (no ring)

@: hasted, quick
A: AC +1, large, see invisible, deformed body, poison resistance, slowness 2,
spit poison 1, naga tail 1
a: Spit Poison


You were on level 2 of the Dungeon.
You visited 1 branch of the dungeon, and saw 2 of its levels.

You collected 79 gold pieces.

Inventory:

Hand Weapons
 d - a +0 flail (weapon)
Armour
 a - a +0 robe (worn)
Scrolls
 b - a scroll of identify {unknown}
 e - a scroll of blinking {unknown}


   Skills:
 + Level 0.1 Fighting
 + Level 0.2 Maces & Flails
 + Level 1.6 Dodging
 * Level 3.7 Stealth
 * Level 2.2 Spellcasting
 * Level 4.7 Ice Magic


You had 2 spell levels left.
You knew the following spells:

 Your Spells              Type           Power      Damage    Failure   Level
a - Freeze                Ice            64%        1d8       3%          1
b - Frozen Ramparts       Ice            32%        1d5       9%          3

Your spell library contained the following spells:

 Spells                   Type           Power      Damage    Failure   Level
 Magic Dart               Conj           4%         1d3       21%         1
 Blink                    Tloc           N/A        N/A       30%         2
 Call Imp                 Summ           1%         N/A       30%         2
 Slow                     Hex            1%         N/A       30%         2
 Ozocubu's Armour         Ice            16%        N/A       9%          3
 Conjure Flame            Conj/Fire      1%         6-21      52%         3
 Mephitic Cloud           Conj/Pois/Air  1%         N/A       52%         3
 Hailstorm                Conj/Ice       9%         3d4       58%         4
 Summon Ice Beast         Ice/Summ       9%         N/A       58%         4


Dungeon Overview and Level Annotations

Branches:
Dungeon (2/15)

Altars:


Innate Abilities, Weirdness & Mutations

Your serpentine skin is tough. (AC +1)
You have supernaturally acute eyesight. (SInv)
Armour fits poorly on your strangely shaped body.
Your system is resistant to poisons. (rPois)
You cover ground very slowly.
You can spit poison.
You have a snake-like lower body.


Message History

Unknown command.
Casting: Frozen Ramparts (quite dangerous; 9% risk of failure)
Confirm with . or Enter, or press ? or * to list all spells.
You don't have enough magic to cast this spell.
There are monsters nearby!
Casting: Frozen Ramparts (quite dangerous; 9% risk of failure)
Confirm with . or Enter, or press ? or * to list all spells.
Aiming: Freeze (safe; 3% risk of failure)
Press: ? - help, Shift-Dir - straight line, f - goblin
Aim: a goblin, wielding a +0 club (severely wounded)
You miscast Freeze.
Nothing appears to happen.
The goblin hits you with a +0 club.
* * * LOW HITPOINT WARNING * * *
Unknown command.
Casting: Freeze (safe; 3% risk of failure)
Confirm with . or Enter, or press ? or * to list all spells.
Aiming: Freeze (safe; 3% risk of failure)
Press: ? - help, Shift-Dir - straight line, f/p - goblin
Aim: a goblin, wielding a +0 club (severely wounded)
You freeze the goblin!
You kill the goblin!
Unknown command.
The ooze closely misses you.
Press: ? - help, Shift-Dir - straight line, f - ooze
Aim: an ooze (lightly wounded)
You fail to use your ability.
The ooze hits you.
* * * LOW HITPOINT WARNING * * *
Unknown command.
It was a potion of haste.
You feel yourself speed up. The ooze hits you.
* * * LOW HITPOINT WARNING * * *
The ooze hits you but does no damage.
A kobold comes into view.
There is a stone staircase leading up here.
The kobold shouts!
Your magical contamination has completely faded away.
A frilled lizard comes into view.
You barely miss the frilled lizard. The frilled lizard bites you.
* * * LOW HITPOINT WARNING * * *
The ooze hits you.
You die...

#.#.#.. .K.....<#
#.# ..# #.#.#
...####.# #.# ..#
#.# # #K# #.# ..
#.#####.# #.# .##
........# #..
........# ###
#.#####.# #J# ...
#@# #.# #.. #l#
####.# #.# ...
..##.# #.# .....
#.##.# #.# ###.##.
#.##.# #.# #.# ..
#.##.# #.# #.# ##
#.##.###.#######.#
#.# #
#.##.............
#.# #


You could see an ooze, a kobold and a frilled lizard.

Vanquished Creatures
  An adder (D:2)
  A worm (D:2)
  A dart slug (D:2)
  2 leopard geckos (D:1)
  7 bats (D:1)
  A giant cockroach (D:1)
  2 goblins
  5 hobgoblins (D:1)
  2 kobolds
  3 rats
25 creatures vanquished.

Notes
Turn   | Place    | Note
-------+----------+-------------------------------------------
     0 | D:1      | robertstho the Naga Ice Elementalist began the quest for
                  | the Orb.
     0 | D:1      | Reached XP level 1. HP: 15/15 MP: 3/3
   247 | D:1      | Reached XP level 2. HP: 18/22 MP: 5/5
  1477 | D:2      | Reached XP level 3. HP: 28/28 MP: 6/6
  1481 | D:2      | Learned a level 3 spell: Frozen Ramparts
  1964 | D:2      | HP: 1/28 [ooze (1)]
  1978 | D:2      | HP: 1/28 [frilled lizard (1)]
  1978 | D:2      | Slain by an ooze

Illustrated notes

Levels and vault maps discovered:
D:1:      dpeg_arrival_radiant, layout_loops_ring
D:2:      layout_loops_ring, kennysheep_generic_room_11

Action                   || total
-------------------------++-------
Melee: Mace              ||    28
       Unarmed           ||     3
       Flail             ||    15
 Cast: Freeze            ||    14
       Frozen Ramparts   ||     2
 Abil: Spit Poison       ||    10
  Use: Potion            ||     1
 Stab: Sleeping          ||     2
Armor: Robe              ||    18
Dodge: Dodged            ||    55

Table legend: (Time is in decaauts)
 A = Elapsed time spent in this place.
 B = Non-inter-level travel time spent in this place.
 C = Inter-level travel time spent in this place.
 D = Time resting spent in this place.
 E = Time spent auto-exploring this place.
 F = Levels seen in this place.
 G = Mean time per level.
                   A        B        C        D        E       F      G
               +--------+--------+--------+--------+--------+-----+--------+
         Total |   2370 |   2311 |     59 |    153 |   1911 |   2 | 1185.0 |
       Dungeon |   2370 |   2311 |     59 |    153 |   1911 |   2 | 1185.0 |
               +--------+--------+--------+--------+--------+-----+--------+

Top non-repeatable levels by time:
     D:1: 1756 daAuts
     D:2: 613 daAuts
